 Dungeon Crawl Stone Soup version 0.30-a0-1114-gd936c97349 (console) character file.

Game seed: 10146416026682133323

496 petzl the Sneak (level 7, -8/52 HPs)
             Began as a Formicid Delver on Apr 20, 2023.
             Splashed by a jelly's acid (10 damage)
             ... on level 4 of the Dungeon.
             The game lasted 00:18:46 (4567 turns).

petzl the Sneak (Formicid Delver)                   Turns: 4567, Time: 00:18:48

Health: -8/52      AC: -6    Str: 16    XL:     7   Next: 38%
Magic:  14/14      EV: 11    Int: 12    God:
Gold:   221        SH:  0    Dex: 15    Spells: 16/16 levels left

rFire   + . .      SeeInvis +    a - +3 short sword (holy)
rCold   . . .      Faith    .    (no shield)
rNeg    . . .      Spirit   .    j - +1 ring mail
rPois   +          Reflect  .    (helmet unavailable)
rElec   .          Rampage  .    (no cloak)
rCorr   .                        (no gloves)
Will    .....                    (no boots)
Stlth   +++                      B - amulet of the acrobat
HPRegen 0.28/turn                m - ring of protection from fire
MPRegen 0.14/turn                h - ring of poison resistance

@: corroded
A: permanent stasis, dig shafts and tunnels, antennae 3, four strong arms
a: Dig, Shaft Self


You were on level 4 of the Dungeon.
You visited 1 branch of the dungeon, and saw 6 of its levels.

You collected 221 gold pieces.

Inventory:

Hand Weapons
 a - a +3 short sword of holy wrath (weapon)
 b - a +1 sling of draining
Missiles
 e - 33 stones
 k - 6 javelins
Armour
 j - a +1 ring mail (worn)
Jewellery
 h - a ring of poison resistance (right hand)
 m - a ring of protection from fire (left hand)
 q - a ring of resist corrosion
 s - a ring of magical power
 B - an amulet of the acrobat (around neck)
 D - a ring of protection from fire
Wands
 f - a wand of digging (3)
 w - a wand of mindburst (18)
 C - a wand of paralysis (7)
Scrolls
 c - a scroll of fog
 d - 2 scrolls of magic mapping
 i - a scroll of identify
 l - 2 scrolls of vulnerability
 r - a scroll of enchant weapon
 y - 2 scrolls of enchant armour
 z - a scroll of noise
Potions
 g - a potion of might {unknown}
 n - 4 potions of flight {unknown}
 o - a potion of heal wounds {unknown}
 p - 6 potions of curing {unknown}
 t - a potion of magic {unknown}
 u - a potion of brilliance {unknown}
 x - a potion of resistance {unknown}
 A - a potion of mutation {unknown}


   Skills:
 - Level 3.2 Fighting
 - Level 2.0 Maces & Flails
 * Level 4.1 Ranged Weapons
 - Level 1.7 Dodging
 - Level 6.0 Stealth
 + Level 5.0 Spellcasting
 + Level 2.4 Evocations


You had 16 spell levels left.
You didn't know any spells.
Your spell library was empty.

Dungeon Overview and Level Annotations

Branches:
Dungeon (6/15)
 Temple: D:4-7

Altars:
Dithmenos
Fedhas
Hepliaklqana
Makhleb
Nemelex Xobeh
Ru
Trog
Lugonu

Portals:
Abyss: D:4

Annotations:
D:4 exclusion: downstairs
D:5 exclusions: centaur, downstairs and phantom, Grinder, Ijyb


Innate Abilities, Weirdness & Mutations

You cannot be hasted, slowed, berserked, paralysed or teleported.
You can dig through walls and to a lower floor.
You have a pair of large antennae on your head. (SInv)
Your four strong arms can wield two-handed weapons with a shield.


Message History

The jelly quivers.
The jelly jiggles.
There is a stone staircase leading up here.
You shoot a sling bullet. The sling bullet hits the jelly.
The jelly is lightly wounded.
The jelly hits you but does no damage. The jelly hits you.
The acid corrodes you!
You are splashed with acid.
Grinder drinks a potion.
Grinder seems to speed up.
You climb upwards.
Level annotation: exclusion: downstairs
There is a stone staircase leading down here.
Your +3 short sword of holy wrath softly glows with a divine radiance!
a - a +3 short sword of holy wrath (weapon)
You hit the jelly. The acid corrodes you!
Your hands burn!
The jelly is lightly wounded.
The jelly closely misses you.
You hit the jelly.
Your hands burn!
The jelly is moderately wounded.
The jelly hits you.
You are splashed with acid!
You hit the jelly.
Your hands burn!
The jelly is heavily wounded.
The jelly hits you. The acid corrodes you!
You are splashed with acid!
You hit the jelly but do no damage.
Your hands burn!
The jelly is heavily wounded.
The jelly hits you.
You are splashed with acid!
* * * LOW HITPOINT WARNING * * *
You can't shaft yourself on this terrain.
A jelly is nearby!
Unknown command.
You can't shaft yourself on this terrain.
Are you sure you want to shaft yourself?
The jelly hits you.
* * * LOW HITPOINT WARNING * * *
You are splashed with acid.
* * * LOW HITPOINT WARNING * * *
You begin to dig a shaft.
You continue digging a shaft.
The jelly hits you.
* * * LOW HITPOINT WARNING * * *
You are splashed with acid!
You die...

#.#.#####...........#.......
#.#.#..........>..##.#######
#.#.#.###########.##.# ####.#.#.##
#.##.# #.........#### #.##.#
#.##.........## #.##.#
#.###.###..##.######.##.#
#####..#.###..#.##<...##.##.#
#.......##.§∩##..........##.#
#.####...#.##....#.##...###.#
#.##..#.#.#._#.....##...# #.#
#.##.......#....##.##...# #.#
#.##.##.#...#.#.##.##...# #.#
#.##.#..#..#.#.##.......# #.#
#.##.......#.......###..###.######
#.##.###.#..#...##...............#
#.##.# ##..#............###.####.#
#.##<# ##.##J.#....###.# #.# #.#
#.##.# ##.##@#.#...###.# #.# #.#
#.##.####.......#.......# #.# #.#
#.##...........[#...#######.####.#
#..................###...........#
####............##.# #.####.######
#####........##.# #.# #.#
#...........# #.# #.#
#........#### #.# #.#
#.###.#########.####.#### #.#
#.##................#### #.#
#.##..####...######.##.. #.#
#.##...)...#..# #.##.# #.#
#.##...###..).# #.##.# #.#
#......# ##.#.# #.#... #.#
#.###..# #.#.# #..... #.# #.# #..#
#.#.#######.#. ##.###.###..#
#>.........### ##...##......#
###.#######.#. #.#..)....†..#
#.########.#


You could see a jelly.

Vanquished Creatures
  An ogre (D:4)
  A phantom (D:4)
  2 hounds
  2 jellies
  An orc wizard (D:4)
  3 gnolls (D:3)
  8 adders
  A shadow imp (D:5)
  4 dart slugs
  7 orcs
  7 ball pythons
  3 bats
  3 endoplasms
  3 giant cockroaches
  6 goblins
  9 hobgoblins
  6 kobolds
  2 quokkas (D:3)
  A frilled lizard (D:2)
  4 rats
  A lurking horror (D:4)
75 creatures vanquished.

Notes
Turn   | Place    | Note
-------+----------+-------------------------------------------
     0 | D:5      | petzl the Formicid Delver began the quest for the Orb.
     0 | D:5      | Reached XP level 1. HP: 18/18 MP: 1/1
    31 | D:5      | Reached skill level 1 in Spellcasting
    31 | D:5      | Reached XP level 2. HP: 23/24 MP: 1/4
    62 | D:6      | Noticed an acid dragon
    64 | D:6      | Noticed a phantom
   214 | D:5      | Noticed a centaur
   364 | D:5      | Found a sparkling altar of Nemelex Xobeh.
   424 | D:5      | Noticed a phantom
   489 | D:5      | Found a bloodstained altar of Trog.
   491 | D:5      | Found a blossoming altar of Fedhas.
   493 | D:5      | Found a burning altar of Makhleb.
   534 | D:4      | Found a corrupted altar of Lugonu.
   542 | D:4      | Found a one-way gate to the infinite horrors of the Abyss.
   617 | D:4      | Reached XP level 3. HP: 29/29 MP: 7/7
   790 | D:4      | Noticed an ogre
   838 | D:2      | Found a sacrificial altar of Ru.
  1173 | D:1      | Reached XP level 4. HP: 35/35 MP: 8/8
  2526 | D:3      | Reached XP level 5. HP: 29/41 MP: 11/11
  2634 | D:3      | Reached skill level 1 in Ranged Weapons
  3381 | D:4      | Found a hazy altar of Hepliaklqana.
  3382 | D:4      | Found a shadowy altar of Dithmenos.
  3382 | D:4      | Noticed a shadow
  3471 | D:4      | Reached XP level 6. HP: 43/47 MP: 12/12
  3480 | D:5      | Reached skill level 1 in Evocations
  3728 | D:4      | Reached XP level 7. HP: 36/52 MP: 12/14
  4067 | D:4      | Reached skill level 5 in Spellcasting
  4424 | D:6      | Noticed a two-headed ogre
  4452 | D:5      | Noticed Grinder
  4540 | D:5      | Noticed Ijyb
  4567 | D:4      | HP: 2/52 [jelly (3)]
  4567 | D:4      | Splashed by a jelly's acid

Illustrated notes

Levels and vault maps discovered:
D:1:      lightli_arrival_statue_moat, layout_basic
D:2:      layout_rooms, basic_altar
D:3:      layout_basic
D:4:      layout_loops_ring, riverfiend_overflow_shadow_ancestor,
          amcnicky_altar_lugonu_corruption
D:5:      layout_basic, grunt_temple_overflow_open,
          mainiacjoe_overflow_two_lobes, uniq_grinder, uniq_ijyb
D:6:      layout_cave_pools, minmay_temple_entry_glassed_door, serial_shops,
          nicolae_shop_crystal, st_stairs_14, nrook_mini_vaults

Skill      XL: |  1  2  3  4  5  6  7 |
---------------+----------------------+-----
Spellcasting   | 1 2 3 4 5 |  5.0
Ranged Weapons | 2 3 4 |  4.1
Evocations     | 2 |  2.4
Fighting       | |  3.2
Maces & Flails | |  2.0
Dodging        | |  1.7
Stealth        | |  6.0

Action                     |  1- 3 |  4- 6 |  7- 9 || total
---------------------------+-------+-------+-------++-------
  Melee: Mace              |    76 |    92 |       ||   168
         Punch             |       |     2 |       ||     2
         Short sword       |       |    92 |    15 ||   107
   Fire: Sling             |       |    62 |    20 ||    82
Ability: Shaft Self        |       |       |     1 ||     1
    Use: Scroll            |     1 |     7 |     2 ||    10
   Stab: Sleeping          |     3 |     4 |       ||     7
 Armour: Leather armour    |     4 |       |       ||     4
         Ring mail         |    19 |    84 |     6 ||   109
  Dodge: Dodged            |    57 |   123 |     7 ||   187

Table legend: (Time is in decaauts)
 A = Elapsed time spent in this place.
 B = Non-inter-level travel time spent in this place.
 C = Inter-level travel time spent in this place.
 D = Time resting spent in this place.
 E = Time spent auto-exploring this place.
 F = Levels seen in this place.
 G = Mean time per level.
                   A        B        C        D        E       F      G
               +--------+--------+--------+--------+--------+-----+--------+
         Total |   4637 |   4366 |    271 |    655 |   2110 |   6 |  772.8 |
       Dungeon |   4637 |   4366 |    271 |    655 |   2110 |   6 |  772.8 |
               +--------+--------+--------+--------+--------+-----+--------+

Top non-repeatable levels by time:
     D:3: 1012 daAuts
     D:1: 980 daAuts
     D:4: 922 daAuts
     D:2: 857 daAuts
     D:5: 823 daAuts
     D:6: 42 daAuts
